AoeStats
← varunalur2879

Arena

509508780Analyzed
3v3 RM · 7d ago on Sep 27, 2026· 43m 4s· 6 players
Game mode
Random Map
Map size
Normal (6 player)
Population
200
Speed
Normal
Resources
Standard
Victory
Conquest
Starting age
Dark Age
Ending age
Imperial Age
RankedLock teamsTeams togetherTeam positionsShared explorationLock speedFull tech treeHidden civsTurbo modeCheats
Victory
Defeat
🇮🇳 Varangians · India
1366
+15
🇹🇼 Khmer · Taiwan
1352
+16
🇺🇸 Saxons · United States
1324
+17
🇨🇴 Italians · Colombia
1450
-19
🇨🇴 Hindustanis · Colombia
1317
-15
🇨🇴 Portuguese · Colombia
1291
-14
varunalur2879
10:26 Feudal Age
14:00 Castle Age
12:05 Horse Collar
12:40 Double-Bit Axe
15:02 Bow Saw
19:43 Wheelbarrow
21:24 Hand Cart
21:01 Loom
21:05 Town Watch
21:23 Gold Mining
21:58 Scale Mail Armor
23:10 Stone Mining
26:06 Imperial Age
23:56 Scale Mail Armor
24:43 Squires
24:53 Heavy Plow
25:33 Chain Mail Armor
25:29 Forging
31:48 Conscription
32:42 Plate Mail Armor
33:12 Gambesons
34:11 Elite Varangian Guard
35:04 Arson
35:39 Forging
35:42 Gothikon
37:32 Elite Jarl
38:25 Scale Barding Armor
38:45 Bloodlines
38:36 Husbandry
40:22 Chain Barding Armor
42:06 Plate Barding Armor
42:33 Iron Casting
all peacocks are the same
10:00 Feudal Age
14:33 Castle Age
12:36 Double-Bit Axe
19:17 Bow Saw
20:48 Loom
22:26 Scale Mail Armor
24:15 Chain Mail Armor
26:30 Forging
26:12 Fletching
27:31 Squires
28:59 Horse Collar
29:57 Wheelbarrow
29:09 Town Watch
32:23 Iron Casting
31:43 Bodkin Arrow
35:22 Imperial Age
33:20 Heavy Plow
33:56 Padded Archer Armor
33:22 Clerical Recruitment
35:10 Elite Skirmisher
35:37 Shield Wall
37:16 Block Printing
37:17 Redemption
38:30 Two-Man Saw
38:15 Plate Mail Armor
38:31 Conscription
39:07 Hand Cart
39:18 Man-at-Arms
39:43 Gambesons
40:01 Long Swordsman
40:43 Bracer
40:58 Leather Archer Armor
41:26 Two-Handed Swordsman
b09581270
9:42 Feudal Age
12:23 Castle Age
10:49 Double-Bit Axe
10:58 Horse Collar
13:52 Wheelbarrow
15:31 Bow Saw
15:13 Loom
19:56 Gold Mining
22:48 Hand Cart
23:30 Heavy Plow
28:15 Imperial Age
27:31 Scale Barding Armor
27:36 Forging
27:20 Stone Mining
28:06 Gold Shaft Mining
27:34 Town Watch
28:42 Chain Barding Armor
28:52 Ballistics
30:16 Iron Casting
30:20 Crop Rotation
30:52 Chemistry
30:31 Bloodlines
30:53 Husbandry
31:30 Tusk Swords
30:56 Elite Battle Elephant
33:06 Blast Furnace
33:33 Plate Barding Armor
33:05 Fletching
33:15 Padded Archer Armor
35:44 Conscription
35:25 Double Crossbow
35:48 Elite Ballista Elephant
36:47 Bodkin Arrow
37:07 Leather Archer Armor
36:53 Scale Mail Armor
38:05 Bracer
40:15 Ring Archer Armor
Zell
5:22 Loom
10:45 Feudal Age
12:31 Wheelbarrow
15:50 Castle Age
14:12 Double-Bit Axe
14:34 Horse Collar
15:19 Gold Mining
16:51 Bow Saw
17:03 Heavy Plow
29:37 Imperial Age
27:28 Scale Barding Armor
27:33 Forging
28:30 Chain Barding Armor
29:15 Stone Mining
31:32 Bloodlines
31:59 Cavalier
33:05 Conscription
33:40 Plate Barding Armor
34:14 Iron Casting
33:22 Pikeman
34:35 Scale Mail Armor
34:16 Halberdier
35:58 Chain Mail Armor
37:19 Blast Furnace
43:45 Plate Mail Armor
43:05 Gambesons
43:06 Arson
sebastianschatzp
10:57 Feudal Age
12:19 Double-Bit Axe
12:34 Horse Collar
15:11 Castle Age
16:19 Wheelbarrow
16:38 Heavy Plow
17:17 Bow Saw
22:34 Loom
27:20 Imperial Age
25:15 Padded Archer Armor
26:33 Fletching
29:08 Chemistry
29:14 Town Watch
31:07 Scale Mail Armor
31:17 Forging
32:52 Ballistics
33:07 Chain Mail Armor
33:28 Iron Casting
33:46 Gold Mining
36:30 Scale Barding Armor
37:26 Blast Furnace
37:10 Crop Rotation
37:53 Bodkin Arrow
37:23 Pikeman
38:03 Squires
37:49 Arson
38:01 Stone Mining
39:15 Two-Man Saw
39:19 Stone Shaft Mining
39:21 Plate Mail Armor
39:52 Blast Furnace
38:50 Bodkin Arrow
39:26 Plate Mail Armor
39:56 Blast Furnace
39:25 Murder Holes
41:39 Bracer
Gutys08
11:42 Feudal Age
14:23 Double-Bit Axe
17:00 Castle Age
15:06 Horse Collar
18:46 Wheelbarrow
17:56 Town Watch
18:18 Heavy Plow
18:31 Bow Saw
21:34 Squires
23:16 Forging
23:45 Scale Mail Armor
23:31 Arson
25:04 Iron Casting
25:37 Chain Mail Armor
27:03 Loom
31:02 Imperial Age
29:23 Fortified Wall
29:16 Padded Archer Armor
30:52 Leather Archer Armor
32:46 Chemistry
32:18 Shatagni
35:02 Ring Archer Armor
Connection lost

Rejoining the realm…

Still unreachable

The connection could not be restored.

Session expired

The server has moved on; the page needs a fresh start.